 Dungeon Crawl Stone Soup version 0.32-a0-643-ga006e77 (webtiles) character file.

Game seed: 8100718656763831821

74 Meow the Conjurer (level 4, 36/36 HPs)
             Began as a Naga Conjurer on Mar 7, 2024.
             Quit the game on level 2 of the Dungeon.
             The game lasted 00:03:57 (1569 turns).

Meow the Conjurer (Naga Conjurer)                   Turns: 1569, Time: 00:03:57

Health: 36/36      AC:  2    Str:  9    XL:     4   Next: 30%
Magic:  8/8        EV:  9    Int: 20    God:
Gold:   103        SH:  0    Dex: 10    Spells: 6/9 levels left

rFire   . . .        a - +6 dagger
rCold   . . .        (no shield)
rNeg    . . .        g - +0 robe
rPois   +            (no helmet)
rElec   .            (no cloak)
rCorr   .            (no gloves)
SInv    +            (no barding)
Will    .....        (no amulet)
Stlth   ++           (no ring)
HPRegen 0.26/turn    (no ring)
MPRegen 0.11/turn

%: no passive effects
@: very slow
A: AC +1, large, see invisible, deformed body, poison resistance, slowness 2,
spit poison 1, naga tail 1
a: Spit Poison


You were on level 2 of the Dungeon.
You visited 1 branch of the dungeon, and saw 2 of its levels.

You collected 103 gold pieces.

Inventory:

Hand Weapons
 a - a +6 dagger (weapon)
 i - a +1 dagger of venom
Missiles
 e - 28 stones
 m - 6 poisoned darts
Armour
 g - a +0 robe (worn)
Jewellery
 k - an amulet of guardian spirit
 l - a ring of protection from cold
Scrolls
 c - a scroll of fog {unknown}
 d - 2 scrolls of identify {unknown}
 f - a scroll of blinking {unknown}
 h - a scroll of revelation {unknown}
 j - 2 scrolls of vulnerability {unknown}
Potions
 b - a potion of magic


   Skills:
 - Level 1.5 Dodging
 - Level 3.0 Stealth
 + Level 3.2 Spellcasting
 + Level 4.9 Conjurations


You had 6 spell levels left.
You knew the following spells:

 Your Spells              Type           Power      Damage    Failure   Level
a - Magic Dart            Conj           92%        1d7       1%          1
b - Searing Ray           Conj           46%        2d6       2%          2

Your spell library contained the following spells:

 Spells                   Type           Power      Damage    Failure   Level
 Fulminant Prism          Conj/Alch      6%         3d7       45%         4
 Iskenderun's Mystic Bla  Conj/Tloc      13%        2d5       45%         4


Dungeon Overview and Level Annotations

Branches:
Dungeon (2/15)

Altars:

Annotations:
D:1 2 transporters


Innate Abilities, Weirdness & Mutations

Your serpentine skin is tough. (AC +1)
You have supernaturally acute eyesight. (SInv)
Armour fits poorly on your strangely shaped body.
Your system is resistant to poisons. (rPois)
You cover ground very slowly.
You can spit poison.
You have a snake-like lower body.


Message History

Aiming: Spit Poison (1% risk of failure)
Press: ? - help, Shift-Dir - straight line, f - ball python
Aim: a ball python (54% to hit)
The splash of poison hits the ball python!
The ball python is poisoned.
You kill the ball python!
Unknown command.
A goblin comes into view. It is wielding a +0 club.
You have got your breath back.
You see here 6 poisoned darts.
m - 6 poisoned darts The goblin shouts!
A goblin is nearby!
You see here a ball python corpse.
Casting: Searing Ray (safe; 2% risk of failure)
Confirm with . or Enter, or press ? or * to list all spells.
Aiming: Searing Ray (safe; 2% risk of failure)
Press: ? - help, Shift-Dir - straight line, f - goblin
Aim: a goblin, wielding a +0 club (72% to hit)
The searing ray hits the goblin!
You kill the goblin! (Press . to maintain the ray.)
e - 28 stones (gained 5)
You open the door.
There is an open door here.
An endoplasm comes into view.
An endoplasm is nearby!
Casting: Searing Ray (safe; 2% risk of failure)
Confirm with . or Enter, or press ? or * to list all spells.
Aiming: Searing Ray (safe; 2% risk of failure)
Press: ? - help, Shift-Dir - straight line, f - endoplasm
Aim: an endoplasm (asleep, 100% to hit)
The searing ray hits the endoplasm!
You kill the endoplasm! (Press . to maintain the ray.) Done exploring.
Done exploring.
Okay, then.
Unknown command.
Are you sure you want to abandon this character and quit the game? (Confirm with "yes".)

#..................#
####..#.###.###.#..#
#..#.#.....#.#..#
#..###.#.#.###..#
##..............#
#.###.#.#.###..#
#.#...#.#...#..#
#.#.###.###.#..#
#.^.........@..#
########.......#
#########


There were no monsters in sight!

Vanquished Creatures
  A ribbon worm (D:2)
  5 dart slugs
  7 bats
  5 endoplasms
  A giant cockroach (D:2)
  6 goblins
  5 hobgoblins
  6 jackals (D:1)
  A kobold (D:2)
  2 quokkas (D:2)
  5 ball pythons
  6 frilled lizards
  4 rats
54 creatures vanquished.

Notes
Turn   | Place    | Note
-------+----------+-------------------------------------------
     0 | D:1      | Meow the Naga Conjurer began the quest for the Orb.
     0 | D:1      | Reached XP level 1. HP: 15/15 MP: 3/3
   200 | D:1      | Reached XP level 2. HP: 22/22 MP: 1/5
   205 | D:1      | Learned a level 2 spell: Searing Ray
   509 | D:1      | Reached XP level 3. HP: 28/28 MP: 2/6
  1165 | D:2      | Reached XP level 4. HP: 36/36 MP: 6/8
  1569 | D:2      | Quit the game

Illustrated notes

Levels and vault maps discovered:
D:1:      spicycebolla_arrival_transporter_tutorial, layout_rooms
D:2:      layout_basic, grunt_decor_junction, minmay_misc_feat_enclosed,
          minivault_14, minmay_misc_feat_roman, minmay_nonomino_d4

Skill      XL: |  1  2  3 |
---------------+----------+-----
Spellcasting   | 3 |  3.2
Dodging        | |  1.5
Stealth        | |  3.0
Conjurations   | |  4.9

Action                     |  1- 3 |  4- 6 || total
---------------------------+-------+-------++-------
  Melee: Mace              |     1 |       ||     1
         Dagger            |       |     3 ||     3
   Cast: Magic Dart        |    47 |     4 ||    51
         Searing Ray       |     4 |     3 ||     7
Ability: Spit Poison       |    21 |     8 ||    29
 Armour: Robe              |     8 |     1 ||     9
  Dodge: Dodged            |       |     2 ||     2

Table legend: (Time is in decaauts)
 A = Elapsed time spent in this place.
 B = Non-inter-level travel time spent in this place.
 C = Inter-level travel time spent in this place.
 D = Time resting spent in this place.
 E = Time spent auto-exploring this place.
 F = Levels seen in this place.
 G = Mean time per level.
                   A        B        C        D        E       F      G
               +--------+--------+--------+--------+--------+-----+--------+
         Total |   1924 |   1908 |     16 |    536 |   1125 |   2 |  962.0 |
       Dungeon |   1924 |   1908 |     16 |    536 |   1125 |   2 |  962.0 |
               +--------+--------+--------+--------+--------+-----+--------+

Top non-repeatable levels by time:
     D:2: 984 daAuts
     D:1: 939 daAuts
